[Event "*** Titled Tuesday Blitz"]
[Site "Chess.com"]
[Date "2021.02.02"]
[Round "5"]
[White "Saxar85"]
[Black "Chopper1905"]
[Result "0-1"]
[WhiteElo "2796"]
[BlackElo "2929"]
[TimeControl "180+1"]
[EndTime "10:58:00 PST"]
[Termination "Chopper1905 won on time"]

1. Nf3 d5 2. g3 g6 3. d4 Bg7 4.
Bg2 Nf6 5. c4 c6 6. cxd5 cxd5 7.
Ne5 O-O 8. Nc3 Nc6 9. Nxc6 bxc6 10.
O-O Nd7 11. e4 e6 12. Be3 a5 13. Qd2 a4 14. Rac1 Nb6 15. b3 axb3 16. axb3 Qe7 17. Bh6 Bd7 18. Bxg7 Kxg7 19. Ne2 Ra3 20. Rc3 Rfa8 21. Nf4 Qb4 22. Qe3 Nc4 23. Qd3 Nd6 24. Rcc1 dxe4 25. Bxe4 Rxb3 26. Qe2 Rb2 27. Qe3 Ra3 28.
Nd3 Qb5 29. Rfd1 Rbb3 30. Rc5 Qa6 0-1

[Event "*** Titled Tuesday Blitz"]
[Site "Chess.com"]
[Date "2021.02.02"]
[Round "5"]
[White "noblerone"]
[Black "DFeco"]
[Result "1/2-1/2"]
[WhiteElo "2408"]
[BlackElo "2242"]
[TimeControl "180+1"]
[EndTime "10:58:00 PST"]
[Termination "Game drawn by repetition"]

1. d4 d5 2. Nf3 Nf6 3. Bg5 Ne4 4. Bf4 c5 5. e3 Nc6 6. c3 Qb6 7. Qb3 c4 8. Qxb6 axb6 9. Nbd2 Nxd2 10. Nxd2 b5 11. e4 e6 12. Be2 Be7 13. O-O b4 14. Bf3 Ra5 15. Rfe1 O-O 16. Bc7 Rb5 17. a4 bxa3 18.
bxa3 Bg5 19. Nf1 Rb3 20. exd5 exd5 21. Bxd5 Rxc3 22. Bd6 Rd8 23. Bc5 h6 24. Bxc6 bxc6 25. a4 Ba6 26. Ne3 Bf6 27. Nf5 Kh7 28. h3 g6 29. Ne7 Bb7 30. a5 Rc2 31. a6 Ba8 32. Red1 Re8 33. Re1 Rd8 34. Red1 Re8 35. Re1 Rd8 1/2-1/2

[Event "*** Titled Tuesday Blitz"]
[Site "Chess.com"]
[Date "2021.02.02"]
[Round "5"]
[White "Tiradini007"]
[Black "Mimsychess"]
[Result "0-1"]
[WhiteElo "2207"]
[BlackElo "2362"]
[TimeControl "180+1"]
[EndTime "10:58:00 PST"]
[Termination "Mimsychess won by resignation"]

1. e4 c5 2. Nc3 Nc6 3. f4 e6 4. g3 d5 5. e5 Nge7 6. Bg2 Nf5 7. Nf3 Be7 8. O-O O-O 9. d3 Rb8 10.
Ne2 b5 11. g4 Nh4 12. Nxh4 Bxh4 13. Be3 Be7 14. Bf2 Bb7 15. Bg3 d4 16. Qe1 Nb4 17.
Qd2 Bxg2 18. Kxg2 Nd5 19. Bf2 f6 20. exf6 Rxf6 21. h3 Bd6 22. Bg1 Qf8 23. Rf3 Bxf4 24. Nxf4 Nxf4+ 25. Kh1 e5 26. Raf1 Qd6 27. Bh2 Qd5 28. Kg1 g5 29. Bxf4 exf4 30. Re1 Qxf3 0-1

[Event "*** Titled Tuesday Blitz"]
[Site "Chess.com"]
[Date "2021.02.02"]
[Round "5"]
[White "FedaMaster"]
[Black "Vaathi_Coming"]
[Result "0-1"]
[WhiteElo "2545"]
[BlackElo "2839"]
[TimeControl "180+1"]
[EndTime "10:58:03 PST"]
[Termination "Vaathi_Coming won by resignation"]

1. e4 g6 2. d4 Bg7 3. Nf3 d6 4. Bd3 Nf6 5. O-O O-O 6. c3 c6 7. Re1 Qc7 8. e5 dxe5 9. Nxe5 Nbd7 10. Nxd7 Bxd7 11. Qf3 Bg4 12. Qg3 Qd7 13. h3 Bf5 14.
Bxf5 Qxf5 15. Rxe7 Rfe8 16. Rxe8+ Rxe8 17. Be3 Qc2 18. Nd2 Nd5 19. Nc4 b5 20. Nd6 Re6 21. c4 Qxb2 22.
Rc1 Nxe3 23. Re1 Nf5 24. Nxf5 Rxe1+ 25. Kh2 gxf5 26. Qb8+ Bf8 27. Qg3+ Kh8 28. Qb8 Qa3 29. c5 Kg8 30. Qg3+ Qxg3+ 31. Kxg3 Rd1 0-1

[Event "*** Titled Tuesday Blitz"]
[Site "Chess.com"]
[Date "2021.02.02"]
[Round "5"]
[White "andrewtnb"]
[Black "GCamachoMartinez"]
[Result "0-1"]
[WhiteElo "2293"]
[BlackElo "2430"]
[TimeControl "180+1"]
[EndTime "10:58:03 PST"]
[Termination "GCamachoMartinez won by resignation"]

1. d4 Nf6 2. c4 g6 3. Nc3 d5 4.
cxd5 Nxd5 5. e4 Nxc3 6. bxc3 Bg7 7. Nf3 c5 8. Be2 O-O 9. O-O b6 10. Bg5 Bb7 11. Bd3 cxd4 12. cxd4 Nc6 13. d5 Nb4 14.
Bc4 h6 15. Bd2 Na6 16. Qe2 Nc5 17. Rad1 a6 18. Be3 Qd6 19. e5 Qc7 20. d6 exd6 21.
Rxd6 b5 22. Bd5 Bxd5 23. Rxd5 Na4 24. Qd2 Rad8 25. Rd1 Rxd5 26. Qxd5 Nc3 27. Qc5 Qxc5 28. Bxc5 Nxd1 0-1

[Event "*** Titled Tuesday Blitz"]
[Site "Chess.com"]
[Date "2021.02.02"]
[Round "5"]
[White "glebus008"]
[Black "JoliyRoger"]
[Result "1/2-1/2"]
[WhiteElo "2271"]
[BlackElo "2405"]
[TimeControl "180+1"]
[EndTime "10:58:03 PST"]
[Termination "Game drawn by repetition"]

1. e4 c6 2. d4 d5 3. Nd2 dxe4 4.
Nxe4 Bf5 5. Ng3 Bg6 6. Nh3 e6 7. Nf4 Bd6 8. h4 Bxf4 9. Bxf4 h6 10. h5 Bh7 11. Qg4 Bxc2 12. Qxg7 Qf6 13. Qxf6 Nxf6 14. Rc1 Be4 15. f3 Bd5 16. Bc4 Nbd7 17. Bxd5 Nxd5 18.
Bd2 f5 19. Kf2 Kf7 20. Rce1 Rad8 21. Ne2 N7f6 22. Rh3 a6 23. b3 Rd7 24. Reh1 Nc7 25. Rg3 Rh7 26. Rg6 Nxh5 27. Rxh6 Rxh6 28. Bxh6 Kg6 29.
Nf4+ Nxf4 30. Bxf4 Nb5 31. Rh6+ Kf7 32. Rh7+ Ke8 33.
Rh8+ Ke7 34. Rh7+ Ke8 35. Rh8+ Ke7 36. Rh7+ Kd8 37. Rh8+ Ke7 1/2-1/2

[Event "*** Titled Tuesday Blitz"]
[Site "Chess.com"]
[Date "2021.02.02"]
[Round "5"]
[White "TurboSteen"]
[Black "LubovMarkelova"]
[Result "0-1"]
[WhiteElo "2038"]
[BlackElo "2248"]
[TimeControl "180+1"]
[EndTime "10:58:03 PST"]
[Termination "LubovMarkelova won on time"]

1. e4 e6 2. d4 d5 3. Nd2 c5 4. Ngf3 cxd4 5. Nxd4 Nf6 6. exd5 Qxd5 7. Nb5 Na6 8. Nc3 Qd8 9. a3 Be7 10. Qf3 Nc5 11. b4 Ncd7 12. Nc4 O-O 13. Bb2 e5 14.
O-O-O a5 15. Nxe5 axb4 16. axb4 Nxe5 17. Rxd8 Nxf3 18. Rxf8+ Kxf8 19. gxf3 Bxb4 20. Bd3 Be6 21. Ne4 Nxe4 22. fxe4 Ba3 23. f4 Bxb2+ 24. Kxb2 f5 25. exf5 Bd5 26. Re1 Kf7 27. Re5 Bc6 28. Bc4+ Kf6 29.
Re6+ Kxf5 30. Re7 Kf6 31. Rf7+ Kg6 32. Rc7 Rf8 33. Bd3+ Kh6 34. f5 g6 35. fxg6 hxg6 36. Kc3 Rf2 0-1

[Event "*** Titled Tuesday Blitz"]
[Site "Chess.com"]
[Date "2021.02.02"]
[Round "5"]
[White "markowskitomasz"]
[Black "Zhigalko_Sergei"]
[Result "1-0"]
[WhiteElo "2649"]
[BlackElo "2896"]
[TimeControl "180+1"]
[EndTime "10:58:08 PST"]
[Termination "markowskitomasz won on time"]

1. d4 Nf6 2. Nf3 e6 3. e3 b6 4. Bd3 Bb7 5. O-O d5 6. b3 Bd6 7. c4 O-O 8. cxd5 exd5 9. Ba3 c5 10. Nbd2 Nbd7 11. Rc1 Qe7 12. Qe2 a6 13. Rfd1 Rfe8 14. Bb1 Rac8 15. Nf1 g6 16. Ng3 Ng4 17. h3 Nxe3 18. Re1 Qf6 19. Nh5 gxh5 20. fxe3 Qh6 21. Rcd1 Bg3 22. Rf1 Rxe3 23. Qd2 Bf4 24. Qf2 Rxb3 25.
Bc1 Bxc1 26. Rxc1 Re3 27. Ng5 Qxg5 28. Qxf7+ 1-0

[Event "*** Titled Tuesday Blitz"]
[Site "Chess.com"]
[Date "2021.02.02"]
[Round "5"]
[White "tylityli"]
[Black "starplatinum2030"]
[Result "0-1"]
[WhiteElo "2316"]
[BlackElo "2059"]
[TimeControl "180+1"]
[EndTime "10:58:08 PST"]
[Termination "starplatinum2030 won by resignation"]

1. d4 d5 2. c4 dxc4 3. Nf3 Nf6 4. e3 c5 5. Bxc4 e6 6. O-O a6 7. a4 Nc6 8. Qe2 cxd4 9. Rd1 Bc5 10. exd4 Be7 11. Nc3 Nb4 12. Bf4 O-O 13. Be5 Nbd5 14. Bd3 Bd7 15. Ne4 Bc6 16. h3 Nb4 17. Bb1 Rc8 18. Nc5 b6 19. Nxa6 Bxf3 20. gxf3 Nxa6 21. Qxa6 Qd5 22. Qe2 g6 23. Be4 Qb3 24. Rd3 Qc2 25. Qxc2 Rxc2 26. Rb3 Nxe4 27. fxe4 Bh4 28. Rf1 Rd8 29.
Rxb6 f6 30. Bf4 Rxd4 31. Rxe6 Kf7 32. Rb6 Rxa4 33. e5 Rxf4 34. e6+ Ke7 35. Ra1 Bxf2+ 36.
Kh1 Bxb6 0-1

[Event "*** Titled Tuesday Blitz"]
[Site "Chess.com"]
[Date "2021.02.02"]
[Round "5"]
[White "AlexTriapishko"]
[Black "kuban1991"]
[Result "1/2-1/2"]
[WhiteElo "2922"]
[BlackElo "2835"]
[TimeControl "180+1"]
[EndTime "10:58:09 PST"]
[Termination "Game drawn by repetition"]

1. Nf3 g6 2. d4 Bg7 3. e4 c6 4.
c3 d5 5. Nbd2 dxe4 6. Nxe4 Nf6 7. Nxf6+ exf6 8. Bd3 O-O 9. O-O a5 10. a4 Na6 11. h3 Be6 12. Bf4 Nc7 13. Nd2 Nd5 14.
Bh2 Re8 15. Ne4 b6 16. Re1 f5 17. Nd6 Re7 18. Nc4 f6 19. Qf3 Bf7 20. Nd6 Qd7 21.
Nxf7 Kxf7 22. g4 fxg4 23. hxg4 Rae8 24. Rxe7+ Rxe7 25. Kg2 Bh6 26. Rh1 Bg5 27. Bg3 Kg7 28.
Be4 Qe6 29. Bd3 Qd7 30. Rd1 Qe6 31. Rh1 Qd7 1/2-1/2

[Event "*** Titled Tuesday Blitz"]
[Site "Chess.com"]
[Date "2021.02.02"]
[Round "5"]
[White "FGHSMN"]
[Black "Konavets"]
[Result "0-1"]
[WhiteElo "2631"]
[BlackElo "2931"]
[TimeControl "180+1"]
[EndTime "10:58:10 PST"]
[Termination "Konavets won on time"]

1. e4 c6 2. d4 d5 3. Nc3 dxe4 4. Nxe4 Bf5 5. Ng3 Bg6 6. h4 h6 7. N1e2 e6 8. Nf4 Bh7 9. Bc4 Bd6 10. c3 Nf6 11.
Ngh5 Bxf4 12. Bxf4 Nxh5 13. Qxh5 Nd7 14. Bxe6 Qe7 15.
O-O Nf6 16. Bxf7+ Kf8 17. Rfe1 Qd7 18. Be6 Nxh5 19. Bxd7 Nxf4 20. Re5 Rd8 21. Rae1 Bg6 22. Bg4 Nd3 23. Re6 Nxe1 24. Rxg6 Nd3 25. Bf5 Nxb2 26. Re6 g5 27. h5 Nc4 28. Bg6 Nd6 29. g3 Rg8 30. f4 gxf4 31. gxf4 Rg7 32. Kf2 Re7 33. Re5 Rxe5 0-1

[Event "*** Titled Tuesday Blitz"]
[Site "Chess.com"]
[Date "2021.02.02"]
[Round "5"]
[White "Annawel"]
[Black "ShapkinAnatoliy"]
[Result "1-0"]
[WhiteElo "2923"]
[BlackElo "2629"]
[TimeControl "180+1"]
[EndTime "10:58:10 PST"]
[Termination "Annawel won on time"]

1. f4 d5 2. Nf3 c6 3. g3 Nf6 4.
Bg2 g6 5. O-O Bg7 6. d3 O-O 7.
Nc3 Qb6+ 8. Kh1 Ng4 9. d4 Nd7 10. e4 dxe4 11. Nxe4 Ndf6 12. Nc5 Nd7 13. Nd3 c5 14. h3 Ngf6 15. dxc5 Nxc5 16. Be3 Nfe4 17. Nxc5 Nxg3+ 18. Kh2 Nxf1+ 19. Qxf1 Qxb2 20. Ne5 Bxe5 21.
Rb1 Qc3 22. Rb3 Bxf4+ 23. Qxf4 Qxc2 24. Bd4 Qf5 25. Qg3 b6 26. Be4 Qh5 27. Nd3 Ba6 28. Nf4 Qa5 29. Rb2 f5 30. Bd5+ 1-0

[Event "*** Titled Tuesday Blitz"]
[Site "Chess.com"]
[Date "2021.02.02"]
[Round "5"]
[White "Boninknights"]
[Black "almo64"]
[Result "1/2-1/2"]
[WhiteElo "2480"]
[BlackElo "2711"]
[TimeControl "180+1"]
[EndTime "10:58:11 PST"]
[Termination "Game drawn by agreement"]

1. d4 c6 2. Nf3 Nf6 3. c4 b5 4. cxb5 cxb5 5. Bg5 Ne4 6. Nbd2 Nxg5 7. Nxg5 e6 8. Ngf3 a6 9. e4 Bb7 10. Bd3 Be7 11. Qe2 d6 12. O-O Nd7 13. a4 b4 14.
a5 O-O 15. Nc4 d5 16. exd5 Bxd5 17. Nfe5 Nxe5 18. dxe5 Bc5 19. Rfd1 Qg5 20. Be4 Bxf2+ 21. Kxf2 Qh4+ 22. Kf3 f6 23. Rxd5 fxe5+ 24. Ke3 exd5 25. Bxd5+ Kh8 26. Nxe5 Rad8 27. Nf7+ Rxf7 28. Bxf7 Qe7+ 29. Kf2 Qxf7+ 30. Kg1 Qa7+ 31. Kh1 h6 32. h3 Qd4 33. Qxa6 Qxb2 34. Rf1 Qd4 35. Qb5 Qd3 36. Qxd3 Rxd3 37.
Rf8+ Kh7 38. Rb8 Ra3 39. Rxb4 Rxa5 1/2-1/2

[Event "*** Titled Tuesday Blitz"]
[Site "Chess.com"]
[Date "2021.02.02"]
[Round "5"]
[White "Grieve72"]
[Black "IceBelka"]
[Result "0-1"]
[WhiteElo "2502"]
[BlackElo "2378"]
[TimeControl "180+1"]
[EndTime "10:58:11 PST"]
[Termination "IceBelka won by checkmate"]

1. d4 d5 2. Nf3 Nf6 3. Bg5 Ne4 4. Bf4 c5 5. c3 Nc6 6. Nbd2 Nxd2 7. Qxd2 cxd4 8.
Nxd4 g6 9. O-O-O Bg7 10. Nxc6 bxc6 11. e3 O-O 12. Bd3 e5 13. Bg3 Rb8 14. Kb1 Be6 15.
Ka1 Qa5 16. Bb1 Rb6 17. e4 Rfb8 18. Rhe1 Rxb2 19. Qxb2 Rxb2 20. Kxb2 d4 21. cxd4 exd4 22.
Bd3 Qxa2+ 23. Kc1 Bf8 24. Rd2 Qa1+ 25. Bb1 Ba3+ 26. Kc2 Qb2+ 27. Kd3 Bc4+ 28. Kxc4 Qc3# 0-1

[Event "*** Titled Tuesday Blitz"]
[Site "Chess.com"]
[Date "2021.02.02"]
[Round "5"]
[White "enriquetejedor"]
[Black "CM_rui"]
[Result "1-0"]
[WhiteElo "2517"]
[BlackElo "2352"]
[TimeControl "180+1"]
[EndTime "10:58:11 PST"]
[Termination "enriquetejedor won on time"]

1. e4 e5 2. Nf3 Nc6 3. Bb5 a6 4. Ba4 Nf6 5. O-O Be7 6. Re1 b5 7. Bb3 O-O 8. h3 Bb7 9. d4 d5 10. dxe5 Nxe4 11. Qxd5 Na5 12. Qxd8 Raxd8 13. Be3 c5 14. c3 c4 15. Bc2 Nc5 16. Bxc5 Bxc5 17. b4 cxb3 18. axb3 Nc6 19. b4 Bb6 20. Nbd2 Ne7 21.
Be4 Nd5 22. c4 bxc4 23. Nxc4 Ba7 24. b5 Rc8 25. Nd6 Rc7 26. Nxb7 Nf4 27. Rxa6 Bb8 28. Nd6 Rc3 29. g3 Nxh3+ 30. Kg2 1-0

[Event "*** Titled Tuesday Blitz"]
[Site "Chess.com"]
[Date "2021.02.02"]
[Round "5"]
[White "WilliamSchill"]
[Black "FMalexhdez"]
[Result "1-0"]
[WhiteElo "1978"]
[BlackElo "2193"]
[TimeControl "180+1"]
[EndTime "10:58:12 PST"]
[Termination "WilliamSchill won by resignation"]

1. e4 c5 2. Nf3 d6 3. d4 cxd4 4. Nxd4 Nf6 5. Nc3 a6 6. Bg5 e6 7. f4 Nbd7 8. Qe2 Qc7 9. O-O-O Be7 10. g4 b5 11. a3 Bb7 12. Bg2 O-O-O 13. Rhe1 Kb8 14.
e5 dxe5 15. fxe5 Nd5 16. Bxe7 Nxe7 17. Ndxb5 axb5 18. Nxb5 Qxe5 19. Qxe5+ Nxe5 20. Bxb7 Rxd1+ 21. Kxd1 Nxg4 22. Bf3 Rd8+ 23. Kc1 Nxh2 24. Be2 Rd5 25. Nc3 Re5 26. Rh1 h5 27. Rxh2 g6 28. a4 Nf5 29. b4 Nd4 30. a5 f5 31. b5 f4 32.
Bd3 f3 33. a6 Rg5 34. b6 Rg2 35. a7+ 1-0

[Event "*** Titled Tuesday Blitz"]
[Site "Chess.com"]
[Date "2021.02.02"]
[Round "5"]
[White "Balla_Tamas"]
[Black "Agoking701"]
[Result "1/2-1/2"]
[WhiteElo "2492"]
[BlackElo "2312"]
[TimeControl "180+1"]
[EndTime "10:58:13 PST"]
[Termination "Game drawn by agreement"]

1. d4 d5 2. c4 e6 3. Nc3 Nf6 4. cxd5 Nxd5 5. e4 Nxc3 6. bxc3 c5 7. Nf3 cxd4 8. cxd4 Bb4+ 9. Bd2 Bxd2+ 10. Qxd2 O-O 11.
Bc4 Nd7 12. O-O b6 13. Rad1 Bb7 14. d5 exd5 15. Bxd5 Bxd5 16. exd5 Re8 17. d6 Qf6 18. Rfe1 h6 19. h3 Rac8 20. Qd3 Nc5 21. Qd5 Rcd8 22.
Rxe8+ Rxe8 23. d7 Rd8 24. Ne5 g6 25. a4 Kg7 26. a5 Qe6 27. axb6 Qxd5 28. Rxd5 axb6 29.
Rd6 Kf8 30. Rxb6 Nxd7 31. Rd6 Ke7 32. Rxd7+ Rxd7 33. Nxd7 Kxd7 34. Kf1 1/2-1/2

[Event "*** Titled Tuesday Blitz"]
[Site "Chess.com"]
[Date "2021.02.02"]
[Round "5"]
[White "DonPreuss"]
[Black "OMGCovid-19"]
[Result "1-0"]
[WhiteElo "2207"]
[BlackElo "1958"]
[TimeControl "180+1"]
[EndTime "10:58:13 PST"]
[Termination "DonPreuss won on time"]

1. d4 Nf6 2. Nc3 c5 3. d5 e6 4. e4 exd5 5. exd5 d6 6. Bd3 g6 7. Nge2 Bg7 8. O-O O-O 9. Ng3 Nbd7 10. f4 a6 11. f5 Ne5 12. Bg5 Nxd3 13. Qxd3 Qb6 14.
Kh1 Qxb2 15. Rab1 Qa3 16. Bxf6 Bxf6 17. Nce4 Qxd3 18. Nxf6+ Kg7 19. cxd3 Kxf6 20. Ne4+ Kg7 21. f6+ Kg8 22. Nxd6 Rd8 23. Rfe1 b5 24. Re7 Bf5 25. Nxf7 Bxd3 26. Nh6+ Kh8 27. Rbe1 Rf8 28. d6 c4 29.
d7 c3 30. Re8 1-0

[Event "*** Titled Tuesday Blitz"]
[Site "Chess.com"]
[Date "2021.02.02"]
[Round "5"]
[White "Kiborg95"]
[Black "mishanick"]
[Result "0-1"]
[WhiteElo "2660"]
[BlackElo "2892"]
[TimeControl "180+1"]
[EndTime "10:58:14 PST"]
[Termination "mishanick won by resignation"]

1. e4 c5 2. Nc3 d6 3. f4 Nc6 4. Nf3 Nf6 5. Bb5 Bd7 6. e5 Ng4 7.
Qe2 e6 8. h3 Nh6 9. g4 a6 10.
Bxc6 Bxc6 11. Rf1 Be7 12. b3 Bh4+ 13. Kd1 Be7 14. Bb2 b5 15. d3 Rc8 16. exd6 Bxd6 17. Ne5 Bb7 18. Ne4 Be7 19. c4 O-O 20. Kc2 f6 21.
Nf3 Qd7 22. Rae1 Rfd8 23. g5 fxg5 24. Nexg5 Nf5 25. Nxe6 Re8 26. Nxg7 Nxg7 27. Bxg7 Bxf3 28. Rxf3 Kxg7 29. Rg1+ Kf8 30. Qe5 Qd4 31. Qf5+ Bf6 32.
Rg2 Qc3+ 0-1

[Event "*** Titled Tuesday Blitz"]
[Site "Chess.com"]
[Date "2021.02.02"]
[Round "5"]
[White "PavelChernomordik"]
[Black "JTCoach"]
[Result "0-1"]
[WhiteElo "2386"]
[BlackElo "2696"]
[TimeControl "180+1"]
[EndTime "10:58:14 PST"]
[Termination "JTCoach won by resignation"]

1. e4 c5 2. Nc3 Nc6 3. Bb5 Nd4 4.
Bc4 g6 5. Nge2 Bg7 6. Nxd4 cxd4 7. Qf3 Nh6 8. Ne2 O-O 9. h3 b6 10. g4 Bb7 11. g5 Nf5 12. Qg4 d5 13. Bd3 Nd6 14.
f3 e5 15. h4 dxe4 16. fxe4 f5 17. gxf6 Qxf6 18. c3 Qf2+ 19. Kd1 Qf3 20. Qe6+ Kh8 21. Rh3 Qf1+ 22. Kc2 Bc8 23. Qxd6 Qxh3 24. b3 Bg4 25. cxd4 Rac8+ 26. Nc3 exd4 27. Bb2 dxc3 28. Bxc3 Bxc3 29. dxc3 Rf2+ 0-1

[Event "*** Titled Tuesday Blitz"]
[Site "Chess.com"]
[Date "2021.02.02"]
[Round "5"]
[White "elohunter1999"]
[Black "EmirhanTarlabasi"]
[Result "1-0"]
[WhiteElo "2665"]
[BlackElo "2492"]
[TimeControl "180+1"]
[EndTime "10:58:14 PST"]
[Termination "elohunter1999 won by resignation"]

1. d4 d5 2. c4 e6 3. Nc3 c6 4. e4 dxe4 5. Nxe4 Bb4+ 6. Bd2 Bxd2+ 7. Qxd2 Nf6 8. Nxf6+ Qxf6 9. Nf3 O-O 10. Bd3 b6 11.
Qe3 Bb7 12. Ne5 Rd8 13. O-O-O Na6 14. Ng4 Qe7 15. Bb1 c5 16. d5 b5 17. dxe6 Qxe6 18. Qxe6 fxe6 19. cxb5 Nb4 20. Ne3 Rd4 21. a3 Nd5 22.
Ba2 Rd8 23. g3 Kf7 24. Rhe1 Nxe3 25. fxe3 Rxd1+ 26. Rxd1 Rxd1+ 27. Kxd1 Kf6 28. Kd2 Ke5 29. Kc3 Ke4 30. Bxe6 Kxe3 31. Kc4 Kf2 32. Kxc5 Kg2 33. Bd5+ Bxd5 34. Kxd5 Kxh2 35. a4 Kxg3 36. a5 h5 37. b6 axb6 38. axb6 h4 39. b7 h3 40. b8=Q+ Kg2 41. Qe5 h2 42. Qxg7+ 1-0

[Event "*** Titled Tuesday Blitz"]
[Site "Chess.com"]
[Date "2021.02.02"]
[Round "5"]
[White "PerAsperaAdAstraCB"]
[Black "Gusarov91"]
[Result "0-1"]
[WhiteElo "2354"]
[BlackElo "1248"]
[TimeControl "180+1"]
[EndTime "10:58:14 PST"]
[Termination "Gusarov91 won by checkmate"]

1. d4 Nf6 2. Bf4 d6 3. Nc3 Nh5 4. Bg5 h6 5. Bh4 g5 6. e4 Nf6 7.
Bg3 Bg7 8. Bc4 c5 9. dxc5 Qa5 10. Qd2 Qxc5 11. Bb3 Nc6 12. Nge2 Nh5 13. O-O-O Nxg3 14. hxg3 Bg4 15. f3 Bd7 16. Kb1 Na5 17. Nd4 Nxb3 18.
axb3 O-O-O 19. g4 Kb8 20. Rh5 e6 21. Nce2 Rc8 22. c3 Rhd8 23. b4 Qb6 24. Qd3 Ba4 25. Rd2 d5 26. exd5 Rxd5 27. Qh7 Bxd4 28. Rxd4 Qa6 29.
Rxd5 Qxe2 30. Rd4 Bb3 31. Rh1 f5 32. Qd7 Qc2+ 33. Ka1 Qxg2 34. Rb1 Qxf3 35. Qd6+ Ka8 36.
gxf5 exf5 37. Qxh6 g4 38. Qg5 Qc6 39. b5 Qxb5 40. Re1 Qa5+ 41. Kb1 Qa2+ 42. Kc1 Qa1+ 43. Kd2 Qxb2+ 44. Ke3 Qxc3+ 45. Rd3 Qxe1+ 46. Kf4 Qc1+ 47. Kxf5 Rc5+ 48. Kf6 Qxg5# 0-1

[Event "*** Titled Tuesday Blitz"]
[Site "Chess.com"]
[Date "2021.02.02"]
[Round "5"]
[White "Thjop"]
[Black "Katheksis"]
[Result "1-0"]
[WhiteElo "2673"]
[BlackElo "2489"]
[TimeControl "180+1"]
[EndTime "10:58:15 PST"]
[Termination "Thjop won by resignation"]

1. e4 c5 2. Nf3 g6 3. g3 Bg7 4. Bg2 Nc6 5. O-O e5 6. Nc3 Nge7 7. d3 O-O 8. a4 d6 9. Nd2 Be6 10. Nc4 d5 11. exd5 Nxd5 12. Ne4 b6 13. c3 h6 14. a5 Qc7 15. Qa4 Rab8 16. Qb5 Bd7 17. axb6 axb6 18. Qb3 Be6 19. Qb5 Bd7 20. Qa6 Bc8 21. Qa4 Be6 22.
Ned6 Kh7 23. Bd2 f5 24. Nb5 Qd7 25. Na7 Nxa7 26. Qxd7 Bxd7 27. Rxa7 Be6 28. Nxe5 Ra8 29. Rfa1 Rxa7 30. Rxa7 f4 31. Be4 fxg3 32. hxg3 Rf6 33. c4 Nb4 34. Bc3 Nc2 35. Nxg6 1-0

[Event "*** Titled Tuesday Blitz"]
[Site "Chess.com"]
[Date "2021.02.02"]
[Round "5"]
[White "Berardino"]
[Black "Chessbard1972"]
[Result "1-0"]
[WhiteElo "2565"]
[BlackElo "2402"]
[TimeControl "180+1"]
[EndTime "10:58:15 PST"]
[Termination "Berardino won by resignation"]

1. e4 c5 2. Nf3 a6 3. Nc3 Nc6 4. d4 cxd4 5. Nxd4 e6 6. Nxc6 bxc6 7. Bd3 e5 8. O-O Bc5 9. Qg4 Nf6 10. Qxg7 Rg8 11. Qh6 Rg6 12. Qh4 Rg4 13. Qh3 d5 14. Qf3 Be6 15. Be3 d4 16. Na4 Be7 17. Bd2 Rb8 18. b3 a5 19. h3 Rg6 20. c3 c5 21.
cxd4 cxd4 22. Rac1 Qd7 23. Kh1 h5 24. Nc5 Bxc5 25.
Rxc5 Qd6 26. Rfc1 Kf8 27. Bxa5 Ra8 28. Bc7 Qe7 29. Bxe5 Ng4 30. hxg4 hxg4 31. Qg3 Rh6+ 32. Kg1 Qg5 33. Bd6+ Kg8 34. Rxg5+ 1-0

[Event "*** Titled Tuesday Blitz"]
[Site "Chess.com"]
[Date "2021.02.02"]
[Round "5"]
[White "anon569"]
[Black "Tekushka"]
[Result "0-1"]
[WhiteElo "2271"]
[BlackElo "2449"]
[TimeControl "180+1"]
[EndTime "10:58:15 PST"]
[Termination "Tekushka won on time"]

1. e4 c6 2. d4 d5 3. Nd2 dxe4 4.
Nxe4 Bf5 5. Ng3 Bg6 6. h4 h6 7. Nh3 e6 8. Nf4 Bh7 9. Bc4 Nf6 10.
O-O Bd6 11. Re1 O-O 12. c3 Re8 13. Qf3 Nbd7 14. Ngh5 Nxh5 15. Qxh5 Nf6 16. Qf3 Nd5 17. g3 Qf6 18. Bxd5 exd5 19. Qd1 Qf5 20. Bd2 Re4 21. Rxe4 Qxe4 22. Qe1 Qc2 0-1

[Event "*** Titled Tuesday Blitz"]
[Site "Chess.com"]
[Date "2021.02.02"]
[Round "5"]
[White "Unknown_IM"]
[Black "Mikhail_Golubev"]
[Result "0-1"]
[WhiteElo "2388"]
[BlackElo "2531"]
[TimeControl "180+1"]
[EndTime "10:58:16 PST"]
[Termination "Mikhail_Golubev won by resignation"]

1. e4 c5 2. Nf3 d6 3. c3 Nf6 4.
Be2 Nbd7 5. Qc2 Qc7 6. O-O e6 7. Bd1 b6 8. d4 Bb7 9. Re1 Be7 10. Nbd2 cxd4 11. cxd4 Qxc2 12. Bxc2 O-O 13. Nf1 Rac8 14. Bd3 d5 15. e5 Ne4 16. Bxe4 dxe4 17. N3d2 Rfd8 18.
Nxe4 Nb8 19. Bg5 Bxg5 20. Nxg5 Rxd4 21. Rad1 Rcd8 22. Rxd4 Rxd4 23. Nf3 Bxf3 24. gxf3 Nd7 25. Kg2 g5 26. Kg3 Kg7 27. h3 Kg6 28. Nh2 Rd2 29. b4 Rxa2 30. Ng4 h5 31. Rd1 hxg4 32.
Rxd7 gxh3 33. Kxh3 Rxf2 34. Rxa7 Rxf3+ 35. Kg2 Rb3 0-1

[Event "*** Titled Tuesday Blitz"]
[Site "Chess.com"]
[Date "2021.02.02"]
[Round "5"]
[White "mirochka"]
[Black "AsaHoffmann"]
[Result "1/2-1/2"]
[WhiteElo "2212"]
[BlackElo "2346"]
[TimeControl "180+1"]
[EndTime "10:58:16 PST"]
[Termination "Game drawn by repetition"]

1. e4 d6 2. d4 Nf6 3. Nc3 c6 4.
Bg5 Nbd7 5. Qd2 b5 6. Bd3 e5 7. Nce2 Qb6 8. c3 Be7 9. f4 h6 10. Bh4 exf4 11. Nf3 g5 12. Bf2 a6 13. e5 Nd5 14.
exd6 Bxd6 15. b3 Qc7 16. c4 Bb4 17. cxd5 Bxd2+ 18. Kxd2 cxd5 19. Rhc1 Qd6 20. a3 Nf6 21. g3 Ne4+ 22. Ke1 Bg4 23. Ne5 Bxe2 24. Kxe2 Nxf2 25. Kxf2 fxg3+ 26. hxg3 O-O 27. Rc6 Qe7 28. Rxh6 Qa7 29. Nc6 Qc7 30. Rah1 Rfe8 31. Rh8+ Kg7 32. R1h7+ Kf6 33.
Rh6+ Kg7 34. R8h7+ Kg8 35. Rh8+ Kg7 36. R8h7+ Kg8 37.
Rh8+ Kg7 1/2-1/2

[Event "*** Titled Tuesday Blitz"]
[Site "Chess.com"]
[Date "2021.02.02"]
[Round "5"]
[White "korbul"]
[Black "Sanan_Sjugirov"]
[Result "0-1"]
[WhiteElo "2613"]
[BlackElo "2898"]
[TimeControl "180+1"]
[EndTime "10:58:17 PST"]
[Termination "Sanan_Sjugirov won by checkmate"]

1. d4 Nf6 2. c4 g6 3. Nc3 Bg7 4. e4 d6 5. f3 O-O 6. Bg5 a6 7.
Qd2 Nbd7 8. Nh3 c6 9. Nf2 b5 10. Be2 e5 11. d5 b4 12. Na4 c5 13. O-O Qe8 14. a3 a5 15. axb4 axb4 16. Nd3 Nh5 17.
b3 f5 18. Ra2 Ndf6 19. exf5 gxf5 20. Nb6 Rxa2 21. Qxa2 e4 22. Nf4 h6 23. Nxc8 hxg5 24. Nxd6 Qe5 25. Nxh5 Nxh5 26. Nb7 exf3 27. Bxf3 g4 28.
Bd1 Qe3+ 29. Kh1 Bd4 30. Qe2 Ng3+ 31. hxg3 Qh6# 0-1

[Event "*** Titled Tuesday Blitz"]
[Site "Chess.com"]
[Date "2021.02.02"]
[Round "5"]
[White "Vnebo"]
[Black "oneshot007"]
[Result "1-0"]
[WhiteElo "2722"]
[BlackElo "2456"]
[TimeControl "180+1"]
[EndTime "10:58:18 PST"]
[Termination "Vnebo won by checkmate"]

1. c4 c5 2. Nc3 g6 3. g3 Bg7 4. Bg2 Nf6 5. Nf3 O-O 6. O-O Nc6 7. d3 d6 8. Qd2 b6 9. Ne5 dxe5 10. Bxc6 Rb8 11. Bg2 Bb7 12. Bxb7 Rxb7 13. f3 h5 14.
Qe3 h4 15. g4 e6 16. Qg5 Nh7 17. Qxd8 Rxd8 18. g5 e4 19. Nxe4 Rbd7 20. Kg2 a6 21.
Rb1 f5 22. gxf6 Nxf6 23. Bg5 Kf7 24. Bxh4 b5 25. cxb5 axb5 26. Nxc5 Rc7 27. Rfc1 Rdc8 28. Bxf6 Bxf6 29. b4 Bd4 30. Rc2 Bxc5 31. bxc5 Rxc5 32.
Rcb2 Ra8 33. Rxb5 Rxb5 34. Rxb5 Rxa2 35. Kf2 Kf6 36. h4 Ra4 37. Kg3 Ra1 38. Rb4 Rg1+ 39. Kf2 Rh1 40. Rg4 Rh2+ 41. Ke3 Kf5 42. d4 Rh1 43.
Rf4# 1-0